 Dungeon Crawl Stone Soup version 0.31-a0-1549-g5ff9445e89 (webtiles) character file.

Game seed: 8592720599851805559

1085 jlumianski the Ruffian (level 8, -2/60 HPs)
             Began as a Gnoll Shapeshifter on Jan 2, 2024.
             Was a Follower of Wu Jian.
             Slain by an ice beast (9 damage)
             ... on level 5 of the Dungeon.
             The game lasted 00:18:18 (4371 turns).

jlumianski the Ruffian (Gnoll Shapeshifter)         Turns: 4371, Time: 00:18:19

Health: -2/60      AC:  4    Str: 15    XL:     8   Next: 30%
Magic:  12/12      EV: 13    Int:  9    God:    Wu Jian [*.....]
Gold:   308        SH:  0    Dex: 13    Spells: 13/13 levels left

rFire   . .          .
                       - Unarmed
rCold   . . .        (no shield)
rNeg    . . .        B - +1 leather armour {rPois}
rPois   +            (helmet currently unavailable)
rElec   .            (cloak currently unavailable)
rCorr   .            (gloves currently unavailable)
SInv    .            (boots currently unavailable)
Will    +....        x - amulet of faith
Stlth   ++           p - ring of willpower
HPRegen 0.30/turn    (no ring)
MPRegen 0.13/turn

%: faith
@: beast-form
A: beast (slay +4), fangs 1, strong nose, distributed training
a: Begin Untransformation, Renounce Religion


You were on level 5 of the Dungeon.
You worshipped Wu Jian.
Wu Jian was aware of your devotion.
You were a hulking beast.
You visited 2 branches of the dungeon, and saw 7 of its levels.

You collected 308 gold pieces.

Inventory:

Hand Weapons
 y - a +0 rapier
Missiles
 e - 2 poisoned darts (quivered)
Armour
 a - a +0 animal skin
 l - a +0 ring mail
 o - a +2 helmet
 B - a +1 leather armour of poison resistance (worn)
Jewellery
 p - a ring of willpower (left hand)
 x - an amulet of faith (around neck)
Talismans
 c - a beast talisman
 d - a flux talisman
Scrolls
 f - a scroll of teleportation {unknown}
 i - a scroll of enchant weapon
 j - a scroll of fear {unknown}
 k - a scroll of fog
 n - a scroll of immolation
 v - a scroll of amnesia
 w - a scroll of revelation {unknown}
 C - a scroll of poison {unknown}
Potions
 b - 3 potions of lignification
 g - 2 potions of curing
 h - a potion of brilliance
 m - a potion of might
 q - a potion of degeneration
 r - a potion of heal wounds {unknown}
 s - a potion of resistance {unknown}
 t - a potion of haste {unknown}
 u - a potion of attraction {unknown}
 z - a potion of invisibility {unknown}
 A - a potion of ambrosia {unknown}


   Skills:
 + Level 4.2 Fighting
 + Level 3.2 Short Blades
 + Level 3.2 Long Blades
 + Level 3.2 Axes
 + Level 3.2 Maces & Flails
 + Level 3.2 Polearms
 + Level 3.2 Staves
 + Level 3.2 Ranged Weapons
 + Level 3.2 Throwing
 + Level 3.2 Armour
 + Level 5.7 Dodging
 + Level 3.2 Stealth
 + Level 3.2 Shields
 + Level 7.4 Unarmed Combat
 + Level 3.2 Spellcasting
 + Level 2.6 Conjurations
 + Level 2.6 Hexes
 + Level 2.6 Summonings
 + Level 2.6 Necromancy
 + Level 2.6 Translocations
 + Level 2.6 Fire Magic
 + Level 2.6 Ice Magic
 + Level 2.6 Air Magic
 + Level 2.6 Earth Magic
 + Level 2.6 Alchemy
 + Level 3.6 Invocations
 + Level 3.2 Evocations
 + Level 7.2 Shapeshifting


You had 13 spell levels left.
You didn't know any spells.
Your spell library contained the following spells:

 Spells                   Type           Power      Damage    Failure   Level
 Shock                    Conj/Air       24%        1d4       12%         1
 Call Imp                 Summ           12%        N/A       19%         2
 Sublimation of Blood     Necr           6%         N/A       19%         2
 Swiftness                Air            6%         N/A       36%         3
 Airstrike                Air            3%         2d(1-17)  77%         4
 Summon Hydra             Summ           3%         N/A       100%        7


Dungeon Overview and Level Annotations

Branches:
Dungeon (6/15)             Temple (1/1) D:5

Altars:
Ashenzari
Fedhas
Hepliaklqana
Kikubaaqudgha
Makhleb
Nemelex Xobeh
Ru
Sif Muna
Trog
Uskayaw
Vehumet
Wu Jian
Xom
Yredelemnul
Zin
The Shining One


Innate Abilities, Weirdness & Mutations

You are a hulking beast.
Your limbs bulge with bestial killing power. (Slay +4)
You have very sharp teeth.
Your uncanny sense of smell can sniff out nearby items.
Your experience applies equally to all skills.


Message History

a +0 club; a +0 mace; a +0 leather armour
Things that are here:
a +0 flail; a +0 leather armour A hound comes into view.
The hound barks!
You lunge at the hound.
You punch the hound!
The hound is almost dead.
The hound bites you.
You hit the hound. You bite the hound.
The hound is almost dead.
The hound closely misses you.
You hit the hound.
You kill the hound!
The Council accepts your kill.
There is an escape hatch in the floor here.
Found a stone staircase leading down.
There is a stone staircase leading down here.
You climb downwards.
There is a stone staircase leading up here.
You lunge at the ice beast.
You barely miss the ice beast. The ice beast hits you.
The ice beast freezes you!
There is a stone staircase leading up here.
The ice beast hits you. The ice beast freezes you!
You climb upwards.
There is a stone staircase leading down here.
You completely miss the ice beast. The ice beast hits you.
The ice beast freezes you.
You punch the ice beast!
The ice beast is heavily wounded.
The ice beast hits you. The ice beast freezes you!
* * * LOW HITPOINT WARNING * * *
You hit the ice beast but do no damage.
The ice beast is heavily wounded.
The ice beast completely misses you.
You barely miss the ice beast.
The ice beast is heavily wounded.
The ice beast hits you.
* * * LOW HITPOINT WARNING * * *
The ice beast freezes you!
You die...

# ################ ..[
#..............> ..#
#.###.#......... #.#
#.###.########## #.# #.##...#
#.# #.##...### #.#
#####....Y...# #.#
##........h...##### ##..
####...##........>...# #..#
#................###.######...
#.##...##.##...<..............
#.###.###.##.#..##########.#..
#.# #.# #.##.#..# #.##.
#.###.###.##.#..# #.##.
#.#..........#..# #.##.
#.#.#.###.##.#..# #.##.


You could see an ice beast.

Vanquished Creatures
  Prince Ribbit (D:5)
  Eustachio (D:4)
  2 ogres (D:4)
  A phantom (Temple)
  A weeping skull (D:5)
  A hound (D:5)
  4 orc wizards (D:5)
  Robin (D:2)
  8 gnolls
  15 adders
  A dart slug (D:4)
  2 ribbon worms
  9 orcs
  6 ball pythons
  5 bats
  4 endoplasms
  10 goblins
  10 hobgoblins
  7 jackals
  3 quokkas
  2 frilled lizards (D:2)
  3 kobolds
  3 rats
  A spectral orc (D:5)
  A butterfly (D:5)
102 creatures vanquished.

Notes
Turn   | Place    | Note
-------+----------+-------------------------------------------
     0 | D:1      | jlumianski the Gnoll Shapeshifter began the quest for the
                  | Orb.
     0 | D:1      | Reached XP level 1. HP: 17/17 MP: 1/1
   137 | D:1      | You fall into a shaft and drop 1 floor!
   176 | D:2      | Reached XP level 2. HP: 18/23 MP: 2/2
   195 | D:2      | Upgraded the game from 0.31-a0-1540-g5a0b83f448 to
                  | 0.31-a0-1549-g5ff9445e89
   228 | D:2      | Reached XP level 3. HP: 28/28 MP: 2/4
   363 | D:2      | Reached skill level 1 in Invocations
   430 | D:1      | Reached skill level 1 in Short Blades
   430 | D:1      | Reached skill level 1 in Long Blades
   430 | D:1      | Reached skill level 1 in Axes
   430 | D:1      | Reached skill level 1 in Maces & Flails
   430 | D:1      | Reached skill level 1 in Polearms
   430 | D:1      | Reached skill level 1 in Staves
   430 | D:1      | Reached skill level 1 in Ranged Weapons
   430 | D:1      | Reached skill level 1 in Throwing
   430 | D:1      | Reached skill level 1 in Armour
   430 | D:1      | Reached skill level 1 in Stealth
   430 | D:1      | Reached skill level 1 in Shields
   430 | D:1      | Reached skill level 1 in Spellcasting
   430 | D:1      | Reached skill level 1 in Evocations
   951 | D:2      | Found a hazy altar of Hepliaklqana.
   959 | D:2      | Reached XP level 4. HP: 34/34 MP: 5/5
  1086 | D:3      | Found a faded altar of an unknown god.
  1117 | D:3      | Found an ancient bone altar of Kikubaaqudgha.
  1213 | D:2      | Noticed Robin
  1239 | D:2      | Killed Robin
  1240 | D:2      | Reached skill level 1 in Conjurations
  1240 | D:2      | Reached skill level 1 in Hexes
  1240 | D:2      | Reached skill level 1 in Summonings
  1240 | D:2      | Reached skill level 1 in Necromancy
  1240 | D:2      | Reached skill level 1 in Translocations
  1240 | D:2      | Reached skill level 1 in Fire Magic
  1240 | D:2      | Reached skill level 1 in Ice Magic
  1240 | D:2      | Reached skill level 1 in Air Magic
  1240 | D:2      | Reached skill level 1 in Earth Magic
  1240 | D:2      | Reached skill level 1 in Alchemy
  1622 | D:3      | Found a glowing golden altar of the Shining One.
  1622 | D:3      | Found a sacrificial altar of Ru.
  1738 | D:3      | Reached XP level 5. HP: 40/40 MP: 7/7
  1772 | D:4      | Noticed Eustachio
  2312 | D:5      | Entered Level 5 of the Dungeon
  2312 | D:5      | Noticed a phantom
  2317 | D:5      | Found a hide-covered altar of Uskayaw.
  2319 | D:5      | Found a staircase to the Ecumenical Temple.
  2322 | Temple   | Entered the Ecumenical Temple
  2324 | Temple   | Killed a phantom
  2337 | Temple   | Became a worshipper of the Wu Jian Council
  2446 | Temple   | Reached XP level 6. HP: 35/47 MP: 8/8
  2570 | D:4      | Reached skill level 5 in Dodging
  3033 | D:5      | Reached XP level 7. HP: 52/52 MP: 10/10
  3054 | D:5      | Reached * piety under Wu Jian
  3210 | D:4      | Found a burning altar of Makhleb.
  3213 | D:4      | Found a glowing silver altar of Zin.
  3214 | D:4      | Noticed a balrug
  3214 | D:4      | Noticed an angel
  3279 | D:4      | Killed Eustachio
  3727 | D:5      | Noticed Prince Ribbit
  3752 | D:5      | Killed Prince Ribbit
  3753 | D:5      | Reached XP level 8. HP: 60/60 MP: 12/12
  3833 | D:5      | Found a basalt altar of Yredelemnul.
  4371 | D:5      | Slain by an ice beast

Illustrated notes

Levels and vault maps discovered:
D:1:      dpeg_arrival_stonehenge_8_columns, layout_rooms, serial_forest,
          infiniplex_forest_clump_double, infiniplex_forest_clump_medium,
          infiniplex_forest_straight_4, infiniplex_forest_straight_4,
          infiniplex_forest_lined_3, kennysheep_pointless_box
D:2:      minmay_inner_zag, layout_basic, basic_altar, uniq_robin
D:3:      layout_basic, mainiacjoe_overflow_catwalk,
          gammafunk_temple_overflow_elements, nicolae_ecumenical_pavilion,
          dk_vineyard_1
D:4:      layout_rooms, grunt_temple_overflow_order_and_chaos_2,
          nicolae_zig_zag_zippers, uniq_eustachio
D:5:      layout_loops_ring, yredelemnul_forgotten_temple_becter,
          mainiacjoe_overflow_tiny_flanked, minmay_temple_entry_butterflies,
          nicolae_half_adder, uniq_prince_ribbit1
D:6:      kennysheep_six_static_rooms, layout_loops_ring,
          nicolae_overflow_crystal_walls, kennysheep_little_box, uniq_duvessa
Temple:   compressed_dpeg_triangle_lava_temple

Skill      XL: |  1  2  3  4  5  6  7 |
---------------+----------------------+-----
Invocations    | 1 2 3 |  3.6
Short Blades   | 1 2 3 |  3.2
Long Blades    | 1 2 3 |  3.2
Axes           | 1 2 3 |  3.2
Maces & Flails | 1 2 3 |  3.2
Polearms       | 1 2 3 |  3.2
Staves         | 1 2 3 |  3.2
Ranged Weapons | 1 2 3 |  3.2
Throwing       | 1 2 3 |  3.2
Armour         | 1 2 3 |  3.2
Stealth        | 1 2 3 |  3.2
Shields        | 1 2 3 |  3.2
Spellcasting   | 1 2 3 |  3.2
Evocations     | 1 2 3 |  3.2
Conjurations   | 1 2 |  2.6
Hexes          | 1 2 |  2.6
Summonings     | 1 2 |  2.6
Necromancy     | 1 2 |  2.6
Translocations | 1 2 |  2.6
Fire Magic     | 1 2 |  2.6
Ice Magic      | 1 2 |  2.6
Air Magic      | 1 2 |  2.6
Earth Magic    | 1 2 |  2.6
Alchemy        | 1 2 |  2.6
Fighting       | 3 4 |  4.2
Dodging        | 5 |  5.7
Unarmed Combat | 7 |  7.4
Shapeshifting  | 7 |  7.2

Action                     |  1- 3 |  4- 6 |  7- 9 || total
---------------------------+-------+-------+-------++-------
  Melee: Unarmed           |    56 |   124 |   105 ||   285
         Bite              |     3 |    14 |    10 ||    27
         Punch             |     1 |     4 |       ||     5
  Throw: Dart              |     3 |     6 |     4 ||    13
Ability: Lunge             |       |     5 |    14 ||    19
         Whirlwind         |       |       |    11 ||    11
    Use: Scroll            |     1 |     4 |     2 ||     7
         Potion            |     1 |       |       ||     1
   Stab: Sleeping          |       |       |     2 ||     2
 Armour: Animal skin       |    14 |       |       ||    14
         Ring mail         |     2 |    78 |    23 ||   103
         Leather armour    |       |       |    31 ||    31
  Dodge: Dodged            |    32 |    62 |    52 ||   146

Table legend: (Time is in decaauts)
 A = Elapsed time spent in this place.
 B = Non-inter-level travel time spent in this place.
 C = Inter-level travel time spent in this place.
 D = Time resting spent in this place.
 E = Time spent auto-exploring this place.
 F = Levels seen in this place.
 G = Mean time per level.
                   A        B        C        D        E       F      G
               +--------+--------+--------+--------+--------+-----+--------+
         Total |   4356 |   4327 |     29 |    362 |   2144 |   7 |  622.3 |
       Dungeon |   4290 |   4261 |     29 |    340 |   2144 |   6 |  715.0 |
        Temple |     65 |     65 |      0 |     22 |      0 |   1 |   65.0 |
               +--------+--------+--------+--------+--------+-----+--------+

Top non-repeatable levels by time:
     D:5: 1026 daAuts
     D:4: 928 daAuts
     D:2: 829 daAuts
     D:3: 787 daAuts
     D:1: 678 daAuts
  Temple: 65 daAuts
     D:6: 39 daAuts
